AoeStats
← Joaquito

Arabia

506549326Analyzed
1v1 RM · 18d ago on Sep 14, 2026· 29m 54s· 2 players
Game mode
Random Map
Map size
Tiny (2 player)
Population
200
Speed
Normal
Resources
Standard
Victory
Conquest
Starting age
Dark Age
Ending age
Imperial Age
RankedLock teamsTeams togetherTeam positionsShared explorationLock speedFull tech treeHidden civsTurbo modeCheats
Victory
Defeat
🇨🇱 Shu · Chile
997
+39
🇪🇨 Persians · Ecuador
977
-15
EXILS_GABRIEL
5:38 Loom
6:01 Loom
9:01 Feudal Age
10:24 Double-Bit Axe
14:46 Man-at-Arms
18:07 Bloodlines
21:40 Castle Age
20:34 Bloodlines
22:10 Husbandry
27:01 Horse Collar
28:00 Scale Barding Armor
Joaquito
8:26 Loom
10:32 Feudal Age
16:05 Fletching
24:19 Castle Age
24:16 Scale Mail Armor
24:20 Crossbowman
25:02 Bodkin Arrow
25:23 Thumb Ring
25:09 Double-Bit Axe
25:41 Pikeman
26:31 Padded Archer Armor
27:10 Squires
Connection lost

Rejoining the realm…

Still unreachable

The connection could not be restored.

Session expired

The server has moved on; the page needs a fresh start.